[Event "USA Championship 2024"]
[Site "Saint Louis"]
[Date "2024.10.13"]
[Round "3.1"]
[White "Robson, Ray"]
[Black "Caruana, Fabiano"]
[Result "0-1"]
[ECO "D35"]
[WhiteElo "2693"]
[BlackElo "2796"]
[Annotator "TA"]
[PlyCount "82"]
[EventDate "2024.10.09"]
[EventType "tourn"]
[EventCountry "USA"]
[SourceTitle "playchess.com"]
[Source "ChessBase"]
[SourceQuality "1"]
[TimeControl "40/5400+30:1800+30"]

1. c4 e6 2. Nc3 d5 3. d4 Nf6 4. cxd5 exd5 5. Bg5 Be6 6. e3 {[%emt 0:02:18] D35: Queen's Gambit Declined: Exchange Variation.} Nbd7 7. Bd3 c6 8. Bf4 g6 9. h3 Nh5 10. Bh2 Be7 11. Nf3 O-O 12. O-O Ng7 13. Rb1 $146 ({Predecessor:} 13. Rc1 Nb6 14. a4 Nc8 15. e4 dxe4 16. Nxe4 Nd6 17. Nc5 Bd5 18. Ne5 Ne6 19. Ng4 {½-½ Dragun,K (2550)-Kozak,A (2427) POL-chT 1st League 2023 (3.2)}) 13... Bf5 14. b4 a6 15. Na4 b5 16. Nc5 Nb6 17. Ne5 Qc8 18. e4 dxe4 19. Bxe4 Bxe4 20. Nxe4 f6 $1 21. Nf3 a5 22. a3 (22. bxa5 $11 {keeps the balance.} Rxa5 23. Qb3+ Nd5 24. Nc3) 22... axb4 $17 23. axb4 Nd5 24. Nc5 Re8 25. Qc2 Ra3 26. Rfc1 (26. Rb3 $17 Qa8 27. Rc1) 26... Qf5 $19 27. Qxf5 Nxf5 (27... gxf5 28. Nb7 $17) 28. Rb3 Rea8 (28... Rxb3 29. Nxb3 Bxb4 (29... Nxb4 30. d5 $17) 30. Rxc6) 29. g4 Bxc5 30. Rxa3 Rxa3 31. Rxc5 Rxf3 32. gxf5 Rc3 (32... Rxh3 33. Rxc6 Rd3 (33... gxf5 34. Rc5 $11) (33... Nxb4 34. Rb6 $11) 34. fxg6 $15) (32... Nxb4 33. Bd6) 33. fxg6 hxg6 34. Bd6 Rc4 (34... Rxh3 35. Rxc6 Kf7 36. Rc5 $11) 35. Kg2 Kf7 (35... Rxd4 36. Rxc6 Nxb4 37. Bxb4 Rxb4 38. Rxf6 $14) (35... Rxb4 $2 36. Rxd5 (36. Rxc6 $2 Rxd4 37. Rc8+ Kf7 $19) 36... Rc4 37. Rc5 $18) 36. Kf3 Ke6 ({Weaker is} 36... Rxd4 37. Rxc6 g5 (37... Nxb4 38. Rb6 $11) 38. Kg2 $17) 37. Bf8 Kd7 ({Don't take} 37... Rxd4 38. Rxc6+ Kf7 39. Bd6 $17) 38. Ke4 $2 (38. Rxc4 {was forced.} bxc4 39. h4) 38... Rxb4 $19 (38... Nxb4 $2 {too greedy.} 39. Rxc4 bxc4 40. Bxb4 $18) 39. Rc1 (39. Kd3 $142 Rb3+ 40. Kd2) 39... Rb3 $19 40. Rg1 Ke6 41. Rxg6 Kf7 0-1

[Event "USA Championship 2024"]
[Site "Saint Louis"]
[Date "2024.10.13"]
[Round "3.2"]
[White "Niemann, Hans Moke"]
[Black "Dominguez Perez, Leinier"]
[Result "1-0"]
[ECO "C54"]
[WhiteElo "2733"]
[BlackElo "2741"]
[Annotator "TA"]
[PlyCount "71"]
[EventDate "2024.10.09"]
[EventType "tourn"]
[EventCountry "USA"]
[SourceTitle "playchess.com"]
[Source "ChessBase"]
[SourceQuality "1"]
[TimeControl "40/5400+30:1800+30"]

1. e4 e5 2. Nf3 Nc6 3. Bc4 Bc5 4. O-O Nf6 5. d3 d6 6. c3 O-O 7. Re1 a5 8. h3 h6 9. Nbd2 Be6 {[%emt 0:00:11] The position is equal.} 10. Bb5 Bb6 11. Nc4 Bc5 {[%emt 0:00:13] And now ...Na7 would win.} 12. Ba4 Bxc4 13. dxc4 Nh5 14. g4 Nf6 15. g5 hxg5 16. Bxg5 Qc8 17. Kh2 {[%emt 0:01:06] Black must now prevent Bxf6.} Nh7 (17... Bxf2 $2 18. Re2 Nxe4 19. Rxe4 $18) 18. Rg1 Qe6 {[%emt 0:07:18] Prevents Bh6} 19. Rg2 Ne7 (19... Nxg5 $11 20. Nxg5 Qh6) 20. Bd2 $14 Ng6 (20... g6 $11) 21. Qe2 $1 Qf6 22. Rg4 c6 (22... Qe7 $14) 23. Rag1 $16 Kh8 24. Bc2 Bb6 (24... Rg8 $16) 25. R1g2 Bd8 {[%emt 0:05:16] [#]} 26. c5 $1 dxc5 (26... Qe6 27. cxd6) 27. h4 c4 (27... Re8 $16 28. Kg1 c4) 28. h5 $18 Ne7 29. Rxg7 Rg8 30. R7g3 {[%emt 0:06:35] White has more active pieces. The black rooks are passive.} b5 31. Ng5 Nxg5 32. Bxg5 Qe6 (32... Rxg5 33. Rxg5 Bb6) 33. Qf3 {[%emt 0:00:53] Bf6+ is the strong threat.} Nc8 $2 {[%emt 0:01:19] [#]} (33... Kh7 34. Qe3 (34. Bf6 Rxg3 35. Rxg3 Nf5 $16) 34... c5) 34. Bf6+ $1 Bxf6 (34... Qxf6 35. Rxg8+) 35. Rxg8+ Kh7 {[%emt 0:00:03] [#]} 36. Re8 $3 {[%emt 0:00:34][%mdl 512] Weighted Error Value: White=0.15 (very precise) /Black=0.47.  Mistake:       	White=1     	Black=7      Inaccurate:     	White=2     	Black=2      OK:         	White=12    	Black=12     Best:        	White=1     	---        Strong:       	White=1     	---} 1-0

[Event "USA Championship 2024"]
[Site "Saint Louis"]
[Date "2024.10.13"]
[Round "3.3"]
[White "Yoo, Christopher Woojin"]
[Black "Oparin, Grigoriy"]
[Result "1/2-1/2"]
[ECO "D37"]
[WhiteElo "2590"]
[BlackElo "2662"]
[Annotator "TA"]
[PlyCount "40"]
[EventDate "2024.10.09"]
[EventType "tourn"]
[EventCountry "USA"]
[SourceTitle "playchess.com"]
[Source "ChessBase"]
[SourceQuality "1"]
[TimeControl "40/5400+30:1800+30"]

1. d4 Nf6 2. c4 e6 3. Nf3 d5 4. Nc3 Be7 5. Bf4 O-O 6. e3 Nbd7 7. a3 c5 8. cxd5 Nxd5 9. Nxd5 {[%emt 0:00:03] White has an edge.} exd5 10. dxc5 Nxc5 11. Be5 Bg4 12. Be2 Bxf3 13. Bxf3 Bf6 14. Bxf6 (14. Qxd5 $2 {is the wrong capture.} Qxd5 15. Bxd5 Bxe5 $19) 14... Qxf6 15. Qc2 (15. Bxd5 Rad8 16. Rc1 Ne4 $19) 15... Rac8 {[%emt 0:09:04] The position is equal.} 16. Bxd5 Ne6 $1 17. Qb3 Nc5 18. Qc2 Ne6 $1 19. Qb3 Nc5 20. Qc2 Ne6 $1 {[%emt 0:00:08] An uneventful encounter.   Weighted Error Value: White=0.06 (flawless) /Black=0.00 (flawless) .  Inaccurate:     	White=1     	---        OK:         	White=4     	Black=3      Best:        	White=2     	Black=3      Strong:       	---       	Black=3} 1/2-1/2

[Event "USA Championship 2024"]
[Site "Saint Louis"]
[Date "2024.10.13"]
[Round "3.4"]
[White "Mishra, Abhimanyu"]
[Black "Sevian, Samuel"]
[Result "1/2-1/2"]
[ECO "C54"]
[WhiteElo "2630"]
[BlackElo "2689"]
[Annotator "TA"]
[PlyCount "96"]
[EventDate "2024.10.09"]
[EventType "tourn"]
[EventCountry "USA"]
[SourceTitle "playchess.com"]
[Source "ChessBase"]
[SourceQuality "1"]
[TimeControl "40/5400+30:1800+30"]

1. e4 e5 2. Nf3 Nc6 3. Bc4 Bc5 4. c3 Nf6 5. d3 d6 6. O-O a5 {[%emt 0:00:13] C54: Giuoco Piano: 4 c3 Nf6, main lines with 5 d4 and 5 d3.} 7. Re1 O-O 8. h3 h6 {[%emt 0:05:42] 8...Be6 is the modern continuation.} 9. Nbd2 Be6 10. Bb5 Nd7 11. Nf1 d5 12. Ne3 dxe4 13. dxe4 Re8 14. a4 Na7 $146 ({Predecessor:} 14... Bf8 15. Qe2 Na7 16. Bc4 Nc8 17. Bxe6 Rxe6 18. Rd1 Nd6 19. Nc4 Nf6 20. Nxd6 Rxd6 {½-½ Sevian,S (2687)-Deac,B (2680) Jermuk Avagyan Memorial 2024 (6)}) 15. Bd3 Nc8 16. Ng4 Qe7 17. Ngxe5 ({Much less strong is} 17. Nfxe5 $6 Bxf2+ 18. Kxf2 Nxe5 19. Nxe5 Qc5+ 20. Be3 Qxe5 $14) 17... Nxe5 18. Nxe5 Bxf2+ $1 19. Kxf2 Qc5+ 20. Be3 Qxe5 21. Qf3 Ne7 22. Bf4 Qc5+ 23. Qe3 Qxe3+ $1 24. Rxe3 Rac8 25. b4 Ng6 26. Bg3 Re7 27. bxa5 Ra8 28. Rb1 Rxa5 29. Rxb7 Rxa4 30. Rxc7 Rxc7 31. Bxc7 Bc4 32. Bxc4 Rxc4 33. Bg3 Ra4 34. Re2 (34. Kf3 $14) 34... Rc4 $1 $11 35. Re3 (35. Rc2 $11) 35... Ra4 $1 $14 36. Re2 ({White should try} 36. Bd6 $14) 36... Rc4 $1 $11 37. Rc2 Rxe4 38. c4 Re6 39. c5 Ne7 40. Re2 Nc6 41. Bd6 h5 42. Rxe6 fxe6 43. Ke3 Kf7 44. Ke4 g6 45. Kf4 Kf6 46. Ke4 Kf7 $1 47. Kf4 Kf6 48. Ke4 Kf7 $1 1/2-1/2

[Event "USA Championship 2024"]
[Site "Saint Louis"]
[Date "2024.10.13"]
[Round "3.5"]
[White "Shankland, Sam"]
[Black "So, Wesley"]
[Result "1/2-1/2"]
[ECO "C65"]
[WhiteElo "2677"]
[BlackElo "2751"]
[Annotator "TA"]
[PlyCount "140"]
[EventDate "2024.10.09"]
[EventType "tourn"]
[EventCountry "USA"]
[SourceTitle "playchess.com"]
[Source "ChessBase"]
[SourceQuality "1"]
[TimeControl "40/5400+30:1800+30"]

1. e4 e5 2. Nf3 Nc6 3. Bb5 Nf6 4. d3 Bc5 5. Nbd2 d6 6. c3 {[%emt 0:00:19] C65: Ruy Lopez: Berlin Defence (3...Nf6), unusual lines and 4 0-0 Bc5.} O-O 7. h3 Bb6 8. O-O Ne7 9. d4 exd4 10. cxd4 d5 11. e5 Ne4 12. a4 a5 13. Re1 Bf5 14. Ra3 c5 $146 ({Predecessor:} 14... Nc6 15. Bxc6 bxc6 16. Nb3 c5 17. dxc5 Nxc5 18. Nfd4 Qd7 19. Nxf5 Qxf5 20. Be3 Ne4 21. Bxb6 cxb6 {½-½ Boehme,S (2492)-Corti,H (2346) CP-2016-Q-00012}) 15. Nxe4 Bxe4 16. Bg5 h6 17. Bh4 cxd4 18. Nxd4 Qc7 19. f3 Bc2 20. Qd2 Bxd4+ 21. Qxd4 Nf5 22. Qf2 Nxh4 23. Rc3 Qe7 24. Rxc2 Rac8 25. Rd2 Rfd8 26. f4 Qc5 27. e6 fxe6 28. Rxe6 Rf8 29. Kh2 Qb4 30. Rd4 Rc2 31. Re2 Rxe2 32. Bxe2 Qb6 33. Bg4 Nf5 34. Bxf5 Rxf5 35. Qd2 Qd6 (35... Qb3 $11 {remains equal.}) 36. Qxa5 $16 Rxf4 37. Rxd5 Rxa4+ 38. Rxd6 Rxa5 39. Rb6 Rd5 40. Rxb7 Rd2 41. h4 (41. b4 $16) 41... h5 $14 42. Kg3 Rd4 43. Rb5 Rg4+ 44. Kh3 Rd4 45. b3 Rd3+ 46. Kh2 Rd4 47. Kg3 Rd3+ 48. Kf4 Rd4+ 49. Kg3 Rd3+ 50. Kf2 Rd4 51. g3 Rd3 52. b4 Rb3 53. Ke2 Kf7 (53... Rxg3 $11 54. Rxh5 Rh3) 54. Kd2 (54. Rb7+ $14 Kf6 55. Kf2) 54... Ke6 55. Kc2 (55. Rxh5 Rxb4 56. Ra5 Re4 $11) 55... Rxg3 56. Rxh5 Rh3 57. b5 Kd6 58. Kd2 (58. b6 $5 Kc6 59. Rb5 $11) 58... g6 59. Rh6 Kc5 60. Ke2 Kxb5 61. Kf2 Kc6 62. Kg2 Ra3 63. h5 Kd6 64. Rxg6+ Ke7 65. h6 Ra2+ 66. Kh3 Ra3+ 67. Rg3 Rxg3+ 68. Kxg3 Kf7 69. h7 Kg7 70. h8=B+ Kxh8 1/2-1/2

[Event "USA Championship 2024"]
[Site "Saint Louis"]
[Date "2024.10.13"]
[Round "3.6"]
[White "Aronian, Levon"]
[Black "Liang, Awonder"]
[Result "0-1"]
[ECO "C84"]
[WhiteElo "2738"]
[BlackElo "2677"]
[Annotator "TA"]
[PlyCount "194"]
[EventDate "2024.10.09"]
[EventType "tourn"]
[EventCountry "USA"]
[SourceTitle "playchess.com"]
[Source "ChessBase"]
[SourceQuality "1"]
[TimeControl "40/5400+30:1800+30"]

1. e4 e5 2. Nf3 Nc6 3. Bb5 a6 4. Ba4 Nf6 5. O-O Be7 6. d3 b5 7. Bb3 d6 8. a3 O-O 9. Nc3 Bb7 10. Bg5 Qd7 11. Re1 Rfe8 12. Ba2 h6 {[%emt 0:07:03] The position is equal.} 13. Bxf6 Bxf6 14. Nd5 Bd8 15. c3 {[%emt 0:00:06] Against Nd4} Ne7 16. Ne3 Ng6 {[%emt 0:00:31] Prevents Nh4.} 17. Qc2 Bf6 18. Rad1 Nf4 19. g3 Qh3 20. Kh1 Qh5 21. Ng1 Ne6 22. f3 Rad8 23. Qf2 Bg5 24. d4 Bxe3 25. Rxe3 exd4 26. cxd4 d5 (26... c5 {is interesting.} 27. Ne2 Ng5 28. Nf4 Nh3) 27. e5 c5 28. Ne2 Rc8 29. Nf4 ({White should try} 29. g4 $11 Qg5 30. h4) 29... Nxf4 $15 30. gxf4 cxd4 31. Red3 {[%emt 0:01:28] [#]} Rc4 $1 32. Rg1 (32. Rf1 Rc5) 32... Re6 33. Bb1 ({White should play} 33. Rf1 $15) 33... Rec6 34. Rdd1 {[%emt 0:01:23][%cal Of4f5] [#]} d3 $1 35. f5 (35. Rxd3 d4) 35... Rf4 {[%emt 0:06:53] Black is more active.} (35... Qxf5 $6 36. Bxd3 Qf4 (36... Qxe5 $2 37. Rde1 $18) 37. Bxc4 bxc4 38. Qg3 (38. Rxd5 $2 Rc8 $19) 38... Qxg3 39. hxg3 $11 (39. Rxg3 Rb6 $11)) (35... Rc2 $142 $1 36. Qg3 (36. Bxc2 $2 Rxc2 $19) 36... Qg5 37. Rxd3 Rxb2) 36. Bxd3 $17 Qxf3+ (36... Rxf3 $2 37. Qg2 g6 38. fxg6 (38. Be2 Rc2 $18) 38... Rxg6 39. Bxg6 fxg6 40. Qxg6+ Qxg6 41. Rxg6+ Kh7 42. Rd6 $18) 37. Qxf3 Rxf3 38. f6 g5 39. Rge1 (39. Rg3 $142 Rf4 40. Kg1) 39... Rf2 40. Kg1 Rxb2 ({Better is} 40... Rf4 $1 $17 41. Bb1 Rg4+ 42. Kf1 Rcc4) 41. Rc1 $1 $15 Rb3 42. e6 fxe6 (42... Rxd3 43. e7 $16) (42... Rxe6 $17 43. Rxe6 fxe6) 43. Bg6 $2 (43. Rxc6 $11 {and White is okay.} Bxc6 44. Bg6) 43... Rxc1 $2 (43... Rxa3 $2 44. Rxc6 Bxc6 45. Rxe6 Ra1+ 46. Kf2 $18) (43... Re3 $1 $19 44. Rxe3 Rxc1+ 45. Kf2 Rc6) 44. Rxc1 $19 {[%emt 0:00:04][%mdl 4096] Endgame. KRB-KRB} Rf3 $1 (44... Rxa3 45. Re1 Bc8 46. f7+ Kf8 47. Rc1 $16) 45. Rc7 Rxf6 46. Bh7+ Kf8 47. Rxb7 $17 {[%emt 0:00:03] KRB-KR} Rf7 48. Rb8+ Kg7 49. Bd3 (49. Bg8 $1 $15 Re7 50. Kf2) 49... Rf3 $19 50. Be2 Rxa3 51. Bg4 Kf6 52. Rb6 Ke5 (52... Ra1+ 53. Kf2 $16) 53. Bxe6 Rf3 $2 (53... b4 $1 $19 {...b3 would now be deadly.} 54. Bg8 b3 55. Rxh6 b2) 54. Bg8 ({Only move:} 54. Bc8 $1 $11) 54... Rf6 55. Rb8 Kd4 (55... d4 $17 {White must now prevent ...Ke4.} 56. Re8+ Kd6) 56. Rd8 $15 Rf5 57. Ra8 $1 Rf6 58. Rd8 Kc3 {[%emt 0:00:18] And now ...d4 would win.} 59. Rxd5 b4 (59... Rb6 $17) 60. Rc5+ $11 Kb2 61. Kg2 b3 62. Ra5 (62. Bc4 $5) 62... Kc3 {[%emt 0:00:40][%mdl 1024] Black has compensation.} 63. Ra3 $1 Rb6 64. Kf2 $1 (64. Bxb3 Kb2 $17 (64... Rxb3 65. Rxa6 Rb2+ 66. Kg3 $11) (64... Rxb3 65. Rxa6 h5 66. Ra5 $11)) 64... h5 65. Ke2 g4 66. Ra4 Kc2 67. Bf7 Rc6 68. Bd5 Rd6 69. Rc4+ (69. Bg8 $1 $11 {was preferrable.}) 69... Kb2 $17 70. Bf7 Ka3 $1 {[%emt 0:02:03] Wards off Rb4} 71. Rc1 $2 (71. Rc3 $17 Rb6 72. Re3 (72. Bxh5 Re6+ 73. Kd2 Rd6+ 74. Ke1 a5 $15)) 71... Rf6 $19 72. Bd5 Rd6 $2 (72... a5 73. Ra1+ Kb4 74. Bxb3 $11) (72... Rf5 $19 {has better winning chances.} 73. Bg8 a5 74. Ra1+ Kb4 (74... Kb2 75. Ra4 $17)) 73. Bf7 $1 $17 {[%emt 0:00:12] [#]} Rf6 $2 (73... b2 $1 $17 74. Rc3+ Ka4) 74. Bd5 $1 $19 {[%emt 0:00:03] [#]} Rf5 $1 (74... a5 75. Ra1+ Kb4 76. Bxb3 $11) 75. Bg8 a5 76. Kd3 a4 77. Bh7 (77. Kc4 $142 Rf8 78. Be6) 77... Rf2 78. Kc3 Rf3+ (78... Rxh2 79. Ra1+ Ra2 80. Rg1 $11) 79. Kc4 Rf7 {[%emt 0:01:44] ( -> ...Rc7+)} 80. Ra1+ Kb2 81. Rb1+ Ka2 82. Bg6 Rf6 83. Bh7 Rf7 84. Bg6 Rf4+ 85. Kc3 Rf6 86. Bh7 Rf7 87. Bg6 {[%emt 0:00:02] Rb2+ would kill now.} Rg7 88. Bf5 Rc7+ 89. Kb4 b2 {[%emt 0:00:31] Strongly threatening ...Rc1.} (89... a3 90. Re1 $11) 90. Re1 $2 (90. Kxa4 $2 {is the wrong capture.} Rc1 $19) (90. Rg1 Rc1 91. Rg3 b1=Q+ (91... b1=R+ 92. Bxb1+ Kxb1 93. h3 $11) 92. Bxb1+ Kxb1 93. h3 (93. Kxa4 Kc2 $15)) 90... Rc1 91. Re3 b1=Q+ 92. Bxb1+ Kxb1 93. Kxa4 {[%emt 0:00:57] KR-KR} Kc2 {[%emt 0:00:28] ...Rh1 is the strong threat.} 94. Kb4 Kd2 95. Re5 h4 {[%emt 0:00:05] Threatens to win with ...g3.} 96. Re4 Rg1 (96... g3 $142 97. Rg4 Rg1 (97... gxh2 $2 98. Rg2+ Kd3 99. Rxh2 $19) 98. hxg3 hxg3 99. Kb3 Ke3 100. Rg8 Kf3 101. Rf8+ Kg2 102. Re8 Rf1 103. Kc4 Rf7 104. Kd5 Kf2 105. Ke6 Rf3 106. Rc8 g2 107. Rc1 g1=Q (107... g1=R $2 108. Rc2+ Kg3 109. Rd2 $19) 108. Rxg1 Kxg1 109. Ke5 Kf2 110. Ke4 Rh3 111. Ke5 Ke3 112. Ke6 Kd4 113. Kf5 Re3 114. Kf6 Re5 115. Kg6 Kd5 116. Kf6 Kd6 117. Kf7 Re6 118. Kf8 Re7 119. Kg8 Ke5 120. Kf8 Kf6 121. Kg8 Re8+ 122. Kh7 Rf8 123. Kh6 Rh8#) 97. Kc4 h3 {[%emt 0:00:07] Weighted Error Value: White=0.25 (precise) /Black=0.25 (precise) .  Loses game:     	White=2     	---        Missed win:     	---       	Black=3      Mistake:       	White=7     	Black=6      Inaccurate:     	White=3     	Black=1      OK:         	White=27    	Black=27     Best:        	White=9     	Black=11     Strong:       	White=6     	Black=3} (97... g3 $142 98. hxg3 hxg3) 0-1